Map: Orbital Shipyard

Players

PerseVerAnce

  • Race: Terran Terran
  • League: Diamond

XXXX - Winner!

  • Race: Terran Terran

VOD

Have the link to the VOD?

Description

Time

  • Played on: Jan. 26, 2016, 3:12 p.m.
  • Length: 15:04
Show
View Real Time Build Order
Export as new Build Order

PerseVerAnce Terran 

Build Orders: Bio Tank 

Get SALT Encoding   

  12  0:01  SCV  
  13  0:13  SCV  
  14  0:18  Supply Depot  
  14  0:25  SCV  
  15  0:40  SCV  
  15  0:41  Barracks  
  16  0:50  Refinery  
  16  0:52  SCV  
  17  1:04  SCV  
  18  1:16  SCV  
  19  1:28  SCV  
  19  1:30  Barracks  
  19  1:31  Supply Depot, Marine  
  22  1:49  Refinery  
  22  1:53  Barracks Reactor, Orbital Command  
  20  2:15  Factory  
  20  2:18  SCV  
  22  2:24  Barracks Tech Lab  
  22  2:29  Marine x2  
  23  2:31  SCV  
  24  2:43  Marine  
  24  2:44  SCV, Stimpack  
  26  2:48  Marine x2  
  28  2:56  SCV  
  29  3:02  Starport, Marine  
  29  3:04  Factory Tech Lab  
  30  3:06  Marine  
  31  3:18  Supply Depot  
  31  3:35  Command Center  
  31  3:39  SCV  
  32  3:44  Medivac  
  34  3:48  Marine x2  
  34  3:50  Marine  
  37  3:58  Supply Depot  
  37  4:05  SCV  
  38  4:13  Marine  
  39  4:19  Marine  
  39  4:20  Siege Tank  
  39  4:22  Marine  
  45  4:24  SCV  
  45  4:27  Starport Reactor  
  45  4:31  Marine  
  46  4:36  SCV  
  47  4:43  Engineering Bay  
  47  4:45  Supply Depot  
  47  4:47  Barracks  
  47  4:48  SCV  
  47  4:49  Marine  
  47  4:51  Marine  
  50  5:00  Orbital Command  
  50  5:03  Marine  
  51  5:19  Marine x2  
  51  5:21  Viking, Medivac  
  54  5:22  Marine  
  54  5:23  Combat Shields  
  57  5:28  Terran Infantry Weapons Level 1  
  57  5:35  SCV x2  
  53  5:51  Marine x3  
  53  5:53  Barracks Tech Lab  
  53  5:55  SCV x2, Barracks  
  55  5:57  Siege Tank  
  55  5:58  Medivac  
  60  6:14  Engineering Bay, Marine  
  60  6:15  Marine  
  62  6:26  Barracks Reactor  
  62  6:43  Barracks Reactor  
  62  6:47  Supply Depot  
  62  6:48  Refinery  
  62  6:50  Supply Depot, Refinery  
  62  6:51  Command Center  
  62  7:09  SCV x2, Medivac, Marine x3  
  62  7:11  Siege Tank  
  72  7:20  Marine x3  
  72  7:21  SCV x2, Marine  
  78  7:27  Marine  
  78  7:29  Marine x2  
  76  7:33  SCV x2  
  76  7:34  Terran Infantry Armor Level 1  
  70  7:43  Siege Tank  
  67  7:47  Marine x6  
  67  7:48  Marine  
  73  8:05  Marine x4  
  74  8:09  Supply Depot, SCV  
  74  8:10  SCV  
  73  8:16  Siege Tank  
  73  8:18  Marine x2  
  73  8:19  Marine  
  79  8:22  SCV  
  79  8:23  Viking  
  79  8:24  SCV, Orbital Command  
  83  8:32  Armory  
  83  8:34  SCV  
  84  8:36  Marine x2  
  84  8:37  Marine  
  87  8:44  Refinery  
  87  8:47  SCV  
  87  8:48  SCV, Siege Tank  
  92  8:55  Marine x6  
  94  8:57  Sensor Tower  
  98  9:03  SCV x3  
  101  9:12  Supply Depot  
  101  9:14  Supply Depot  
  101  9:19  Refinery  
  101  9:28  SCV, Marine x2  
  101  9:33  SCV x2, Marine x5  
  101  9:35  Siege Tank  
  111  9:43  Terran Infantry Weapons Level 2, Terran Vehicle Weapons Level 1  
  111  9:44  Terran Infantry Armor Level 2  
  111  9:46  Marine x2  
  111  9:49  Barracks  
  111  9:51  Barracks  
  110  10:01  SCV x3  
  110  10:02  Marine x5  
  110  10:03  Marine  
  106  10:07  Siege Tank  
  102  10:15  Viking  
  106  10:23  Viking  
  106  10:24  Marine x4  
  106  10:25  SCV  
  111  10:35  SCV x2  
  113  10:38  Factory  
  113  10:39  Siege Tank  
  113  10:41  SCV  
  94  11:12  Siege Tank  
  94  11:13  Marine x6  
  94  11:14  Barracks Reactor x2  
  103  11:21  Marine  
  103  11:24  Viking x2  
  103  11:25  SCV x2  
  110  11:26  SCV  
  110  11:30  Marine x2  
  113  11:38  SCV  
  113  11:39  SCV x2, Marine  
  117  11:49  Supply Depot  
  117  11:51  Supply Depot  
  117  11:52  Supply Depot  
  117  11:54  Factory Tech Lab  
  117  12:10  Marine x2  
  117  12:11  Supply Depot, Viking, Siege Tank, SCV  
  117  12:12  Marine x8  
  117  12:14  SCV, Viking  
  134  12:28  Marine x2  
  134  12:29  Siege Tank  
  131  12:38  Marine x6  
  131  12:39  Marine x3  
  131  12:43  Siege Tank  
  143  12:46  Marine  
  143  12:47  Medivac x2  
  148  12:54  SCV  
  149  13:00  Supply Depot  
  149  13:02  Supply Depot  
  149  13:06  Command Center  
  149  13:16  Siege Tank  
  149  13:17  SCV x2, Marine  
  149  13:19  Marine x2  
  138  13:20  Marine x7  
  114  13:27  Marine  
  115  13:34  Barracks  
  115  13:35  Supply Depot  
  115  13:36  Supply Depot  
  115  13:52  Marine x5  
  115  13:53  Marine x4  
  124  14:04  Sensor Tower  
  84  14:25  Marine x7  
  84  14:26  Marine x3  
  91  14:33  Marine  
  88  14:42  Marine  
  88  14:43  Marine x4  
Show
View Real Time Build Order
Export as new Build Order

XXXX Terran - Winner!

Build Orders: Command Center First (CC), Bio Tank 

Get SALT Encoding   

  12  0:01  SCV  
  13  0:14  SCV  
  14  0:17  Supply Depot  
  14  0:26  SCV  
  15  0:40  SCV  
  16  0:52  SCV  
  17  1:00  Command Center  
  17  1:05  SCV  
  18  1:17  Barracks  
  18  1:19  SCV  
  19  1:31  SCV  
  20  1:38  Refinery  
  20  1:41  Barracks  
  20  1:43  SCV  
  21  1:55  SCV  
  22  2:09  Orbital Command  
  22  2:12  Marine  
  23  2:15  Refinery  
  23  2:16  Orbital Command  
  23  2:26  Supply Depot  
  23  2:28  Marine  
  24  2:30  Marine  
  25  2:40  Factory  
  25  2:47  Refinery  
  25  2:49  Marine x2  
  27  2:54  Supply Depot  
  27  3:03  SCV  
  27  3:04  SCV  
  29  3:09  Barracks Tech Lab  
  29  3:11  Marine  
  30  3:18  Supply Depot  
  30  3:19  SCV x2  
  32  3:29  Starport, Marine  
  32  3:31  SCV  
  34  3:39  Siege Tank  
  37  3:45  SCV  
  37  3:46  SCV  
  37  3:47  Marine  
  40  3:52  Marine  
  41  3:57  SCV  
  41  3:58  SCV  
  43  4:04  Marine  
  43  4:07  Medivac  
  46  4:11  Barracks Reactor, Siege Tank  
  46  4:15  Barracks  
  49  4:18  SCV x2  
  49  4:19  Engineering Bay  
  51  4:27  Barracks Tech Lab  
  51  4:36  SCV x2  
  53  4:45  Medivac  
  55  4:48  SCV  
  55  4:51  Supply Depot  
  56  4:54  Refinery  
  56  5:01  Marine x2  
  56  5:02  Marine  
  56  5:03  Siege Tank  
  62  5:14  Supply Depot  
  61  5:24  Missile Turret  
  61  5:26  Stimpack  
  61  5:30  Barracks Reactor  
  61  5:32  Command Center  
  61  5:36  Supply Depot  
  60  5:57  Marine  
  60  5:58  Siege Tank  
  63  6:06  SCV x2  
  63  6:10  Marine x2  
  67  6:14  Medivac  
  67  6:15  Marine  
  67  6:17  Barracks Reactor  
  70  6:18  SCV x2  
  70  6:25  Supply Depot  
  72  6:28  Marine x2  
  72  6:30  SCV  
  72  6:31  SCV  
  76  6:32  Marine  
  76  6:34  Medivac  
  79  6:44  Terran Infantry Weapons Level 1, Medivac  
  79  6:46  Marine x2  
  83  6:48  Supply Depot, Engineering Bay, Orbital Command  
  83  6:50  Marine  
  83  6:51  Siege Tank  
  87  6:56  SCV  
  87  6:57  SCV  
  89  7:04  Marine x2  
  89  7:08  SCV, Marine  
  91  7:12  Supply Depot  
  93  7:21  Marine x2  
  95  7:23  Siege Tank  
  95  7:26  Marine  
  95  7:27  Combat Shields  
  91  7:32  Refinery  
  91  7:35  Supply Depot  
  66  7:39  Orbital Command  
  66  7:43  Marine  
  66  7:44  Marauder, Marine x3  
  57  7:59  Refinery  
  57  8:01  Marine x3  
  57  8:02  Marine  
  57  8:03  SCV x2  
  57  8:05  Marine  
  62  8:15  SCV x3  
  62  8:18  Siege Tank  
  62  8:19  Marine x4  
  71  8:23  Factory, Marine  
  73  8:27  SCV x3, Terran Infantry Armor Level 1  
  73  8:31  Armory  
  76  8:35  Medivac  
  76  8:37  Marine x4  
  76  8:39  SCV x2  
  87  8:41  SCV  
  87  8:50  Siege Tank  
  87  8:51  SCV x2  
  87  8:53  SCV  
  87  8:55  Marine x4  
  94  9:02  Medivac  
  97  9:03  SCV x2  
  97  9:04  Barracks Reactor  
  97  9:05  SCV, Medivac  
  102  9:12  Marine  
  102  9:13  Marine x3  
  102  9:15  SCV x2  
  108  9:17  SCV  
  108  9:22  Siege Tank  
  108  9:23  Siege Tank  
  115  9:28  Terran Vehicle Weapons Level 1  
  115  9:43  Command Center, Marine  
  115  9:44  Marine x5  
  115  9:54  Siege Tank  
  117  10:01  Marine x5  
  117  10:02  Marine  
  109  10:08  Siege Tank  
  112  10:17  SCV  
  112  10:18  SCV  
  112  10:19  Marine x6  
  112  10:20  Medivac x2  
  124  10:23  Barracks  
  124  10:29  SCV  
  124  10:31  Supply Depot  
  124  10:32  Supply Depot x3  
  124  10:34  Supply Depot x2  
  125  10:52  Marine x6  
  125  10:53  SCV x2, Siege Tank x2  
  123  11:10  Marine x6  
  127  11:11  Barracks  
  125  11:21  Barracks Reactor  
  125  11:24  Orbital Command  
  128  11:25  Siege Tank x2  
  128  11:28  Marine x6  
  137  11:36  Supply Depot  
  137  11:38  Terran Vehicle Weapons Level 2  
  137  11:41  Terran Infantry Weapons Level 2  
  137  11:42  Terran Infantry Armor Level 2  
  137  11:46  Marine x6  
  143  11:56  Medivac  
  143  11:57  Siege Tank x2  
  143  11:59  Supply Depot  
  151  12:03  Marine x2  
  151  12:04  Marine x4  
  151  12:05  Orbital Command  
  152  12:21  Marine x6  
  155  12:29  Siege Tank  
  152  12:30  Siege Tank  
  152  13:00  Refinery  
  152  13:01  Refinery  
  152  13:02  Marine x8  
  152  13:03  Marine  
  152  13:04  Siege Tank x2  
  131  13:20  Marine x9  
  120  13:36  Siege Tank  
  120  13:37  Marine  
  120  13:38  Medivac, Siege Tank, Marine x8  
  120  13:39  Medivac  
  139  13:48  SCV x3  
  142  13:55  Marine  
  142  13:56  Marine x8  
  142  14:00  Command Center  
  151  14:08  Siege Tank, Medivac  
  151  14:09  Medivac  
  158  14:13  Marine  
  158  14:14  Marine x8  
  152  14:31  Marine x4  
  146  14:32  Marine x5  
Tags
 
Add a new tag
Caveats
  • Supply blocks, unpowered buildings, or Contaminate may cause inaccurate times.
  • Supply counts are checked every 10 seconds.